General information
- name: gfaqs
- type: Custom game
- host: darkwasp
- saver: Miles_Edgeworth
map: TwistedMeadows
- players: 3
- length: 14:56
- speed: Fast
- version: 1.22 W3XP
- replay type: Public
» download(53 KB)
Players
team 1 (winner)

»
ieatworms (
purple | 72 APM | 1077 actions | 14:56)
4 Blademaster
2 Wind Walk
2 Critical Strike
4 Shadow Hunter
2 Healing Wave
2 Hex
1 Tauren Chieftain
1 War Stomp
» actions
| Assign group hotkey | 19 | |
| Basic commands | 109 | |
| Build / train | 54 | |
| Enter build submenu | 12 | |
| Enter hero's abilities submenu | 9 | |
| Give item / drop item | 1 | |
| Right click | 377 | |
| Select / deselect | 292 | |
| Select group hotkey | 122 | |
| Use ability | 82 | |
1077 total
» units
| Peon | 7 | |
| Grunt | 7 | |
| Troll Headhunter/Berserker | 6 | |
| Raider | 4 | |
24 total
» upgrades
| Berserker Strength | 1 | |
| Ensnare | 1 | |
| Armor | 2 | |
| Pillage | 1 | |
| Berserker Upgrade | 1 | |
6 total
» buildings
| Altar of Storms | 1 | |
| Orc Burrow | 5 | |
| Barracks | 1 | |
| Voodoo Lounge | 1 | |
| Stronghold | 1 | |
| War Mill | 1 | |
| Beastiary | 1 | |
| Fortress | 1 | |
| Great Hall | 1 | |
13 total
» build order
00:09 Altar of Storms
00:12 Orc Burrow
00:45 Barracks
01:26 Orc Burrow
01:58 Voodoo Lounge
03:08 Orc Burrow
03:52 Stronghold
04:25 War Mill
04:47 Orc Burrow
06:44 Beastiary
08:11 Orc Burrow
08:55 Fortress
14:35 Great Hall
» items
| Scroll of Speed | 3 | |
| Healing Salve | 4 | |
| Lesser Clarity Potion | 2 | |
| Scroll of Town Portal | 1 | |
10 total
team 2 (loser)
Miles_Edgeworth (
red | 118 APM | 1760 actions | 14:56)
4 Death Knight
2 Death Coil
2 Unholy Aura
2 Lich
1 Frost Nova
1 Frost Armor
» actions
| Assign group hotkey | 21 | |
| Basic commands | 147 | |
| Build / train | 42 | |
| ESC pressed | 4 | |
| Enter build submenu | 12 | |
| Enter hero's abilities submenu | 6 | |
| Give item / drop item | 2 | |
| Right click | 651 | |
| Select / deselect | 394 | |
| Select group hotkey | 399 | |
| Use ability | 82 | |
1760 total
» units
| Acolyte | 5 | |
| Ghoul | 2 | |
| Crypt Fiend | 8 | |
| Obsidian Statue | 2 | |
17 total
» upgrades
| Creature Carapace | 1 | |
| Destroyer Form | 1 | |
2 total
» buildings
| Altar of Darkness | 1 | |
| Ziggurat | 4 | |
| Crypt | 1 | |
| Graveyard | 1 | |
| Tomb of Relics | 1 | |
| Nerubian Tower | 1 | |
| Halls of the Dead | 2 | |
| Slaughterhouse | 1 | |
| Black Citadel | 1 | |
| Sacrificial Pit | 1 | |
14 total
» build order
00:05 Altar of Darkness
00:08 Ziggurat
00:33 Crypt
00:56 Graveyard
01:11 Tomb of Relics
01:41 Nerubian Tower
02:33 Ziggurat
04:27 Halls of the Dead
05:16 Ziggurat
07:02 Ziggurat
07:41 Slaughterhouse
08:48 Black Citadel
10:05 Sacrificial Pit
» items
| Rod of Necromancy | 3 | |
| Dust of Appearance | 2 | |
| Potion of Healing | 1 | |
| Circlet of Nobility | 1 | |
| Potion of Lesser Invulnerability | 2 | |
| Scroll of Healing | 1 | |
| Orb of Corruption | 1 | |
11 total
observersdarkwasp Chat log
(00:24 / All) ieatworms: I just spend a bunch of money on clothes for tomorrow
(00:27 / All) ieatworms: the bank just called
(00:33 / All) ieatworms: asked if my card was stolenb
(14:53 / All) Miles_Edgeworth: GG